 Dungeon Crawl Stone Soup version 0.29.1-15-g9cfb28693d (webtiles) character file.

Game seed: 18401999483752946069

4 monsoonserge the Sneak (level 1, -12/21 HPs)
             Began as a Naga Delver on Apr 28, 2023.
             Killed by divine providence
             ... invoked by an orc priest
              (13 damage)
             ... on level 5 of the Dungeon.
             The game lasted 00:02:31 (171 turns).

monsoonserge the Sneak (Naga Delver)                 Turns: 171, Time: 00:02:32

Health: -12/21     AC:  2    Str: 14    XL:     1   Next: 60%
Magic:  1/1        EV:  9    Int: 10    God:
Gold:   0          SH:  0    Dex: 12    Spells: 0/0 levels left

rFire   . . .      SeeInvis +   l - +2 short sword (vamp)
rCold   . . .      Faith    .   (no shield)
rNeg    . . .      Spirit   .   b - +0 leather armour
rPois   +          Reflect  .   (no helmet)
rElec   .          Harm     .   (no cloak)
rCorr   .          Rampage  .   j - +0 pair of gloves
Will    .....                   (no barding)
Stlth   +++.......              (no amulet)
HPRegen 0.07/turn               (no ring)
MPRegen 0.07/turn               (no ring)

@: very slow
A: AC +0, large, see invisible, deformed body, poison resistance, slowness 2,
spit poison 1, naga tail 1
a: Spit Poison


You were on level 5 of the Dungeon.
You visited 1 branch of the dungeon, and saw 2 of its levels.

Inventory:

Hand Weapons
 a - a +0 spear
 h - a +2 dagger of electrocution
 l - a +2 vampiric short sword (weapon)
Armour
 b - a +0 leather armour (worn)
 j - a +0 pair of gloves (worn)
Wands
 g - a wand of digging (3)
Scrolls
 c - a scroll of fog
 d - 3 scrolls of brand weapon {unknown}
 e - a scroll of fear
 k - a scroll of blinking {unknown}
Potions
 f - a potion of haste
 i - a potion of might {unknown}


   Skills:
 + Level 3.1 Fighting
 - Level 2.0 Polearms
 + Level 1.5 Dodging
 + Level 7.4 Stealth


You couldn't memorise any spells.
You didn't know any spells.
Your spell library was empty.

Dungeon Overview and Level Annotations

Branches:
Dungeon (6/15)
 Temple: D:4-7

Altars:
Ashenzari
Qazlal
Uskayaw
Wu Jian
Zin


Innate Abilities, Weirdness & Mutations

Your serpentine skin is tough. (AC +0)
You have supernaturally acute eyesight. (SInv)
Armour fits poorly on your strangely shaped body.
Your system is resistant to poisons. (rPois)
You cover ground very slowly.
You can spit poison.
You have a snake-like lower body.


Message History

An iguana comes into view.
Aiming: Spit Poison (3% risk of failure)
Press: ? - help, Shift-Dir - straight line, f - orc priest
Aim: an orc priest, wielding a +0 whip (53% to hit)
The splash of poison misses the orc priest.
An orc comes into view. It is wielding a +0 morningstar.
Your +2 dagger of electrocution stops crackling.
You feel a sense of dread.
l - a +2 vampiric short sword (weapon)
The orc priest looks braver for a moment.
The orc priest hits you with a +0 whip.
You hit the orc priest.
You feel better.
The orc priest is moderately wounded.
You have got your breath back.
The orc priest hits you with a +0 whip.
You hit the orc priest.
You feel better.
The orc priest is severely wounded.
The orc priest hits you but does no damage.
You hit the orc priest.
The orc priest is severely wounded.
The orc priest hits you with a +0 whip.
You hit the orc priest.
The orc priest is almost dead.
The orc priest hits you with a +0 whip.
You closely miss the orc priest.
The orc priest is almost dead.
The orc priest closely misses you. The orc priest hits you with a +0 whip.
You hit the orc priest but do no damage.
The orc priest is almost dead.
The orc priest hits you with a +0 whip.
You closely miss the orc priest.
The orc priest is almost dead.
The orc priest hits you with a +0 whip.
* * * LOW HITPOINT WARNING * * *
You barely miss the orc priest.
The orc priest is almost dead.
The orc priest mumbles some strange prayers to Beogh against you.
Beogh smites you!
Ouch! That really hurt!
You die...

***** **,,,** **,,,,,** * ###
*,,,,,,,* *** #.# *,,,,,,,*****,,
#.# *,,,,.,,**,,,,*
#####.#########....,***,****
###..#..#....@ooo....,,,,,*
##.........######.....,,****
#..###...>####........,,*******
###.## #.........##,,,..,,*,,,,,,
....# #..#.......##..o,,**,,,,,,
###### #...............,,,*,,,,,,
.....###....##.........,*,,,,,,,,
..8...####.............,,,,,,,,,,
...._..# ##.#########..,**,,,,,,,


You could see an orc priest and 2 orcs.

Vanquished Creatures
  2 orcs (D:5)
2 creatures vanquished.

Notes
Turn   | Place    | Note
-------+----------+-------------------------------------------
     0 | D:5      | monsoonserge the Naga Delver began the quest for the Orb.
     0 | D:5      | Reached XP level 1. HP: 21/21 MP: 1/1
    16 | D:5      | Found a stormy altar of Qazlal.
    20 | D:5      | Found an ornate altar of the Wu Jian Council.
    22 | D:5      | Found a hide-covered altar of Uskayaw.
    22 | D:5      | Found a glowing silver altar of Zin.
    28 | D:5      | Found a broken altar of Ashenzari.
    30 | D:5      | Noticed an iguana
    76 | D:5      | Noticed an orc priest
    92 | D:6      | Noticed a scorpion
   111 | D:6      | Noticed a scorpion
   122 | D:6      | Noticed a black bear
   136 | D:6      | Noticed a centaur
   160 | D:5      | Noticed an iguana
   170 | D:5      | HP: 1/21 [orc priest/+0 whip (6)]
   171 | D:5      | Killed from afar by an orc priest

Illustrated notes

Levels and vault maps discovered:
D:5:      layout_rooms, nicolae_overflow_hallway_of_the_gods, tso_oasis_becter
D:6:      layout_loops_ring

Action                   || total
-------------------------++-------
Melee: Short sword       ||     8
       Dagger            ||     3
 Abil: Spit Poison       ||     2
  Use: Scroll            ||     1
Armor: Leather armour    ||     1
Dodge: Dodged            ||     2
